 Dungeon Crawl Stone Soup version 0.19.1-1-g22dce08 (webtiles) character file.

21238 sveltemanboy the Spear-Bearer (level 12, -6/101 HPs)
             Began as a Pale Draconian Wizard on Jan 5, 2017.
             Was a High Priest of Ashenzari.
             Mangled by a salamander
             ... wielding a +0 halberd
              (9 damage)
             ... in a volcano on Jan 6, 2017.
             The game lasted 00:54:30 (15243 turns).

sveltemanboy the Spear-Bearer (DrWz)               Turns: 15243, Time: 00:54:31

Health: -6/101     AC: 20    Str: 11    XL:     12   Next: 52%
Magic:  2/20       EV: 15    Int: 22    God:    Ashenzari [*****.]
Gold:   651        SH:  0    Dex: 10    Spells: 6 memorised, 4 levels left

rFire  . . .     SeeInvis +     w - +1 trident (flame) (curse)
rCold  . . .     Gourm    .     (armour unavailable)
rNeg   + . .     Faith    .     (no shield)
rPois  .         Spirit   .     a - +0 hat (curse)
rElec  .         Reflect  .     t - +0 cloak
rCorr  .         Harm     .     o - +0 pair of gloves (curse)
MR     +....     Clarity  +     e - +2 pair of boots {Fly} (curse)
Stlth  ++........               C - amulet of magic regeneration (curse)
                                N - ring of positive energy
                                h - ring of protection from magic (curse)

@: icy armour, flying, very slightly contaminated, repel missiles, slow
A: breathe steam, unfitting armour, cold-blooded, AC +8
a: Breathe Steam, Curse Item, Scrying, Transfer Knowledge, Renounce Religion,
Stop Flying


You were in a volcano.
You worshipped Ashenzari.
Ashenzari was extremely pleased with you.
You were hungry.

You visited 3 branches of the dungeon, and saw 16 of its levels.
You also visited: Volcano.

You collected 911 gold pieces.
You spent 260 gold pieces at shops.

Inventory:

Hand Weapons
 w - a cursed +1 trident of flaming (weapon)
Armour
 a - a cursed +0 hat (worn)
 e - a cursed +2 pair of boots of flying (worn)
 o - a cursed +0 pair of gloves (worn)
 t - a +0 cloak (worn)
Rods
 O - a +0 iron rod (14/14)
   (You found it on level 3 of the Lair of Beasts)
Jewellery
 h - a cursed ring of protection from magic (left hand)
 C - a cursed amulet of magic regeneration (around neck)
 N - a ring of positive energy (right hand)
Wands
 i - a wand of paralysis (8/24)
 j - a wand of polymorph (14/24)
 k - a wand of digging (11/24)
 z - a wand of iceblast (8/15)
 B - a wand of digging (13/24)
 D - a wand of disintegration (12/24)
 K - a wand of iceblast (5/15)
 L - a wand of acid (0/15)
Scrolls
 d - 7 scrolls of teleportation
 l - 3 scrolls of amnesia
 m - a scroll of fear
 n - 3 scrolls of blinking
 p - 2 scrolls of magic mapping
 r - 3 scrolls of enchant weapon
 x - 5 scrolls of identify
 J - 2 scrolls of remove curse
Potions
 g - 2 potions of haste
 q - 2 potions of brilliance
 u - 6 potions of curing
 v - a potion of heal wounds
 A - 2 potions of agility
 F - a potion of ambrosia {unknown}
 H - a potion of might
 M - a potion of cancellation
Books
 y - a book of Conjurations

   Spells                             Type                      Level
   a - Magic Dart                     Conjuration                  1
   b - Searing Ray                    Conjuration                  2
   c - Dazzling Spray                 Conjuration/Hexes            3
   d - Fulminant Prism                Conjuration/Hexes            4
   e - Iskenderun's Mystic Blast      Conjuration                  4
   f - Iskenderun's Battlesphere      Conjuration/Charms           5
Miscellaneous
 I - a lamp of fire (inert)
Comestibles
 b - 3 fruits
 c - 11 bread rations
 f - 7 meat rations
 G - 2 royal jellies


   Skills:
 - Level 7.7 Fighting
 - Level 12.0(15.6) Polearms
 - Level 5.7(8.4) Dodging
 - Level 1.7(3.6) Stealth
 + Level 5.6 Spellcasting
 + Level 10.8(13.2) Conjurations
 - Level 1.0(2.5) Charms
 - Level 2.1(4.1) Summonings
 - Level 1.0(2.5) Translocations
 + Level 7.0(9.7) Ice Magic
 - Level 1.2(2.9) Air Magic
 - Level 1.2(2.9) Poison Magic
 - Level 6.6(9.4) Evocations


You had 4 spell levels left.
You knew the following spells:

 Your Spells              Type           Power        Failure   Level  Hunger
a - Throw Icicle          Conj/Ice       ######..     1%          4    ####...
b - Summon Ice Beast      Ice/Summ       #####...     8%          4    ####...
c - Mephitic Cloud        Conj/Pois/Air  ####....     1%          3    ##.....
d - Repel Missiles        Chrm/Air       ###...       6%          2    None
e - Blink                 Tloc           N/A          8%          2    None
f - Ozocubu's Armour      Chrm/Ice       ####....     1%          3    ##.....


Dungeon Overview and Level Annotations

Branches:
Dungeon (11/15)            Temple (1/1) D:7            Lair (4/6) D:9
  Swamp: Lair:2-4    Shoals: Lair:2-4     Snake: Lair:2-4    Spider: Lair:2-4
    Orc: D:9-12

Altars:
Ashenzari
Cheibriados
Dithmenos
Elyvilon
Fedhas
Gozag
Hepliaklqana
Kikubaaqudgha
Makhleb
Nemelex Xobeh
Okawaru
Qazlal
Ru
Sif Muna
Trog
Uskayaw
Vehumet
Xom
Yredelemnul
Zin
The Shining One

Shops:
D:10 *


Innate Abilities, Weirdness & Mutations

You can breathe blasts of scalding, opaque steam.
Your pale cyan-grey scales are hard. (AC +8)
You cannot fit into any form of body armour.
You are cold-blooded and may be slowed by cold attacks.


Message History

Casting: Ozocubu's Armour
Confirm with . or Enter, or press ? or * to list all spells.
A chill wind blows around you.
You are feeling hungry.
The salamander hits you with a halberd!
You are engulfed in flames!
The heat melts your icy armour.
Unknown command.
Casting: Summon Ice Beast
Confirm with . or Enter, or press ? or * to list all spells.
A chill wind blows around you. The salamander hits you with a halberd!
* * * LOW HITPOINT WARNING * * *
You are engulfed in flames!
* * * LOW HITPOINT WARNING * * *
The salamander misses you.
The salamander mystic gestures at the salamander while chanting.
The salamander seems to speed up.
The salamander hits you from afar with a halberd!
* * * LOW HITPOINT WARNING * * *
You are engulfed in flames!
You die...

§§≈≈≈§§§.....§§..§.......≈§≈≈≈§≈≈
§§§≈§§§.########'########...≈≈≈≈§
≈§§§§§≈§# ,,,,#.#, , ,#.≈≈.≈≈§§
≈≈§§§§≈§# {∆∆* #.#,*∆∆{ #§§§§§≈≈≈
≈≈≈§≈§≈.#,∆∆∆ #.#,*∆∆∆,#.§§≈§.≈≈
≈≈§≈≈§§.#,∆∆∆ #.# ∆∆∆ #§≈≈≈≈§.≈
≈≈≈≈≈≈§.######.#.#.######.≈≈≈≈≈≈.
≈≈≈≈≈≈≈.#......#Y#......#.≈≈≈≈≈≈≈
≈≈≈≈§§§.###++###@###++###.≈≈≈≈≈§≈
≈≈≈≈≈≈≈.#, ,#.NN..#, , #.≈≈≈§§≈≈
§≈§§≈≈§.# {,#Y8N8N# {∩ #.≈≈§§≈≈≈
§≈≈§§§≈.# , +.....+, #.≈≈≈§≈≈≈
§≈≈§§§≈.#################.≈≈≈≈≈≈≈
§≈≈≈≈≈≈.§....§§...§.§§...§§≈≈§≈§≈
≈≈§§≈≈≈≈§≈≈≈≈≈≈§§§≈≈≈§§≈§§§≈≈≈§§§
≈≈≈§≈§§≈§≈≈≈§≈≈§§§≈≈§§≈≈≈≈§≈§≈≈≈≈
≈≈§≈§§§§≈§≈≈≈≈≈≈§≈≈≈§≈≈≈§≈§≈§≈≈§≈


You could see a salamander mystic, 3 salamanders and 2 friendly ice beasts.

Vanquished Creatures
  2 hydras
  A death yak (Lair:4)
  An unseen horror (D:10)
  A hill giant (D:10)
  Maurice (D:9)
  A black mamba (Lair:4)
  Joseph (Lair:1)
  5 elephants
  6 spiny frogs
  A rime drake (Lair:3)
  4 komodo dragons
  A troll (D:9)
  10 blink frogs
  Grinder (D:5)
  2 hippogriffs
  A hungry ghost (D:10)
  6 yaks
  2 fire bats (Volcano)
  A steam dragon (D:9)
  4 water moccasins
  An orc warrior (D:10)
  7 porcupines
  A black bear (D:7)
  An eye of draining (D:9)
  5 ogres
  5 phantoms
  3 centaurs
  7 crocodiles
  2 big kobolds
  16 bullfrogs
  Blork the orc (D:4)
  6 scorpions
  9 killer bees
  3 wights (D:9)
  2 howler monkeys
  2 crimson imps
  A hound (D:10)
  A quasit (D:9)
  6 lava snakes (Volcano)
  4 bullfrog skeletons
  A centaur skeleton (D:8)
  2 orc priests
  5 orc wizards
  A jelly (D:9)
  An iguana (D:4)
  3 worker ants
  3 hound skeletons
  A worker ant zombie (D:5)
  A howler monkey skeleton (D:9)
  A gnoll (D:1)
  13 adders
  2 shadow imps
  4 oozes
  An adder skeleton (D:9)
  3 worms
  3 dart slugs
  9 leopard geckos
  22 orcs
  A ball python (D:3)
  4 giant cockroaches
  9 goblins
  7 hobgoblins
  11 jackals
  2 quokkas
  9 bats
  4 frilled lizards
  3 jackal skeletons
  A jackal zombie (D:8)
  9 kobolds
  2 leopard gecko skeletons
  A quokka skeleton (D:8)
  11 rats
285 creatures vanquished.

Vanquished Creatures (collateral kills)
  A hill giant (D:7)
  An elephant (Lair:2)
  The ghost of Exporg the Skirmisher, a novice MiBe of Trog (D:5)
  A blink frog (Lair:1)
  A spriggan (D:10)
  6 yaks
  A hungry ghost (D:9)
  A water moccasin (Lair:3)
  A phantom (D:6)
  An ogre (D:8)
  A bullfrog (D:4)
  2 scorpions
  A killer bee (D:10)
  A howler monkey (D:8)
  A lava snake (Volcano)
  3 crimson imps
  An orc priest (D:5)
  2 orc wizards
  A centaur skeleton (D:4)
  An iguana (D:7)
  Ijyb (D:2)
  A worker ant (D:6)
  2 adders
  A shadow imp (D:10)
  2 worms (D:3)
  A leopard gecko (D:9)
  3 orcs
  A goblin (D:3)
  A hobgoblin (D:2)
  3 jackals
  4 bats
  A frilled lizard (D:2)
  6 kobolds
  A leopard gecko skeleton (D:6)
57 creatures vanquished.

Vanquished Creatures (others)
  4 fungi (Lair:2)
  6 plants
10 creatures vanquished.

Grand Total: 352 creatures vanquished

Notes
Turn   | Place    | Note
-------+----------+-------------------------------------------
     0 | D:1      | sveltemanboy the Draconian Wizard began the quest for the Orb.
     0 | D:1      | Reached XP level 1. HP: 14/14 MP: 4/4
   436 | D:1      | Reached XP level 2. HP: 20/20 MP: 0/6
   499 | D:1      | Learned a level 2 spell: Call Imp
   756 | D:1      | Reached skill level 1 in Polearms
   756 | D:1      | Reached XP level 3. HP: 27/27 MP: 0/7
   987 | D:2      | Reached skill level 1 in Fighting
  1418 | D:2      | Reached XP level 4. HP: 29/35 MP: 0/8
  1500 | D:2      | Noticed Ijyb
  1507 | D:2      | Killed Ijyb
  1732 | D:3      | Reached skill level 2 in Polearms
  1804 | D:3      | Reached XP level 5. HP: 33/40 MP: 4/9
  2614 | D:4      | Reached skill level 3 in Polearms
  2755 | D:4      | Reached XP level 6. HP: 35/47 MP: 3/10
  2810 | D:4      | Learned a level 3 spell: Mephitic Cloud
  3058 | D:4      | Reached skill level 1 in Air Magic
  3058 | D:4      | Reached skill level 1 in Poison Magic
  3148 | D:4      | Noticed Blork the orc
  3164 | D:4      | Killed Blork the orc
  3437 | D:4      | Reached skill level 4 in Polearms
  3506 | D:4      | Reached skill level 5 in Conjurations
  3506 | D:4      | Your scales start taking on a pale cyan-grey colour.
  3506 | D:4      | Reached XP level 7. HP: 52/52 MP: 8/11
  3821 | D:4      | Reached skill level 5 in Polearms
  3922 | D:5      | Entered Level 5 of the Dungeon
  4100 | D:5      | Noticed Exporg's ghost (novice MiBe)
  4111 | D:5      | Gained mutation: Your body sometimes deteriorates upon taking damage. [potion of mutation]
  4111 | D:5      | Gained mutation: You are somewhat resistant to further mutation. [potion of mutation]
  4112 | D:5      | Reached skill level 11 in Polearms
  4112 | D:5      | Reached XP level 8. HP: 20/74 MP: 7/12
  4686 | D:5      | Noticed Grinder
  4706 | D:5      | Killed Grinder
  4706 | D:5      | Reached skill level 1 in Evocations
  4851 | D:5      | Killed Exporg's ghost
  4851 | D:5      | Reached XP level 9. HP: 48/80 MP: 7/13
  4969 | D:5      | Learned a level 2 spell: Repel Missiles
  5772 | D:6      | Gained mutation: You are clumsy. (Dex -2) [potion of mutation]
  5772 | D:6      | Gained mutation: Your natural rate of healing is unusually fast. [potion of mutation]
  6125 | D:7      | Reached skill level 1 in Charms
  6326 | D:7      | Found a staircase to the Ecumenical Temple.
  6328 | D:7      | Noticed a hill giant
  6369 | D:7      | Killed a hill giant
  6399 | Temple   | Entered the Ecumenical Temple
  6568 | Temple   | Became a worshipper of Ashenzari the Shackled
  7024 | D:7      | Learned a level 2 spell: Blink
  7028 | D:7      | Learned a level 3 spell: Conjure Flame
  7900 | D:8      | Reached XP level 10. HP: 88/88 MP: 6/14
  8013 | D:8      | Reached * piety under Ashenzari
  8170 | D:8      | Identified a scroll of acquirement
  8603 | D:9      | Found a staircase to the Lair.
  8653 | D:9      | Reached skill level 5 in Evocations
  8697 | D:9      | Noticed Maurice
  8733 | D:9      | Killed Maurice
  8733 | D:9      | Reached skill level 12 in Polearms
  9412 | D:10     | Entered Level 10 of the Dungeon
  9412 | D:10     | Reached ** piety under Ashenzari
  9994 | D:10     | Found Pump's General Store.
 10012 | D:10     | Bought a wand of acid (6/15) for 260 gold pieces
 10033 | D:10     | Noticed a hill giant
 10040 | D:10     | Killed a hill giant
 10043 | D:10     | Killed an unseen horror
 10351 | D:10     | Reached *** piety under Ashenzari
 10429 | D:10     | Reached XP level 11. HP: 66/93 MP: 15/15
 10525 | D:11     | Noticed a white ugly thing
 10543 | Lair:1   | Entered Level 1 of the Lair of Beasts
 10581 | Lair:1   | Learned a level 4 spell: Throw Icicle
 10693 | Lair:1   | Reached skill level 1 in Ice Magic
 10778 | Lair:1   | Learned a level 3 spell: Ozocubu's Armour
 11125 | Lair:1   | Noticed Joseph
 11143 | Lair:1   | Killed Joseph
 12124 | Lair:1   | Reached skill level 5 in Dodging
 12275 | Lair:2   | Lost mutation: You are somewhat resistant to further mutation. [potion of cure mutation]
 12275 | Lair:2   | Lost mutation: Your body sometimes deteriorates upon taking damage. [potion of cure mutation]
 12275 | Lair:2   | Lost mutation: You are clumsy. (Dex -2) [potion of cure mutation]
 12275 | Lair:2   | Lost mutation: Your natural rate of healing is unusually fast. [potion of cure mutation]
 12747 | Lair:2   | Reached skill level 5 in Ice Magic
 12750 | Lair:2   | Reached **** piety under Ashenzari
 12943 | Lair:2   | Noticed a six-headed hydra
 12946 | Lair:2   | Killed a six-headed hydra
 12946 | Lair:2   | Reached XP level 12. HP: 101/101 MP: 8/17
 13117 | Lair:2   | Reached skill level 10 in Conjurations
 13606 | Lair:3   | Learned a level 4 spell: Summon Ice Beast
 14356 | Lair:4   | Reached ***** piety under Ashenzari
 14512 | Lair:4   | Noticed a four-headed hydra
 14517 | Lair:4   | Reached skill level 5 in Spellcasting
 14522 | Lair:4   | Noticed a death yak
 14528 | Lair:4   | Killed a four-headed hydra
 14554 | Lair:4   | Killed a death yak
 14585 | Lair:4   | Found a dark tunnel.
 14594 | Volcano  | Entered a volcano
 15236 | Volcano  | Found a bloodstained altar of Trog.
 15243 | Volcano  | HP: 3/101 [salamander/halberd (9)]
 15243 | Volcano  | Mangled by a salamander

Skill      XL: |  1  2  3  4  5  6  7  8  9 10 11 12 |
---------------+-------------------------------------+-----
Conjurations   | 2 3 4 5 6 7 8 9 10 | 10.8
Polearms       | 1 2 3 4 11 12 | 12.0
Fighting       | 1 7 |  7.7
Summonings     | 2 |  2.1
Air Magic      | 1 |  1.2
Poison Magic   | 1 |  1.2
Evocations     | 2 4 6 |  6.6
Charms         | 1 |  1.0
Dodging        | 3 5 |  5.7
Ice Magic      | 5 7 |  7.0
Spellcasting   | 5 |  5.6
Stealth        | |  1.7
Translocations | |  1.0

Action                   |  1- 3 |  4- 6 |  7- 9 | 10-12 || total
-------------------------+-------+-------+-------+-------++-------
Melee: Spear             |    65 |    33 |       |       ||    98
       Unarmed           |     2 |       |       |       ||     2
       Tailslap          |     5 |    13 |    15 |    58 ||    91
       Trident           |       |   131 |   336 |   761 ||  1228
 Cast: Magic Dart        |    42 |    50 |    41 |       ||   133
       Call Imp          |     7 |    30 |    72 |    74 ||   183
       Mephitic Cloud    |       |       |     6 |    20 ||    26
       Repel Missiles    |       |       |     1 |     2 ||     3
       Throw Icicle      |       |       |       |    55 ||    55
       Ozocubu's Armour  |       |       |       |    10 ||    10
       Blink             |       |       |       |     1 ||     1
       Summon Ice Beast  |       |       |       |    10 ||    10
Invok: Curse Item        |       |       |     4 |     1 ||     5
 Abil: Breathe Steam     |       |       |     1 |     1 ||     2
Evoke: Wand              |       |       |    14 |    23 ||    37
       Rod               |       |       |       |     3 ||     3
       Lamp of fire      |       |       |       |     1 ||     1
  Use: Scroll            |     4 |     1 |     2 |    18 ||    25
       Potion            |     1 |     3 |     6 |     8 ||    18
 Stab: Sleeping          |     5 |     1 |     4 |     2 ||    12
       Distracted        |       |       |     7 |     5 ||    12
       Confused          |       |       |     1 |     5 ||     6
       Held in net/web   |       |       |       |     1 ||     1
  Eat: Chunk             |     2 |     7 |    14 |    39 ||    62
       Fruit             |       |       |     2 |       ||     2
       Beef jerky        |       |       |     1 |     2 ||     3
       Pizza             |       |       |     1 |       ||     1
       Meat ration       |       |       |       |     1 ||     1
       Royal jelly       |       |       |       |     1 ||     1
Armor: Skin              |    12 |    50 |    70 |   235 ||   367
Dodge: Dodged            |    26 |   105 |   115 |   333 ||   579
       Deflected         |       |       |       |     8 ||     8
